 Dungeon Crawl Stone Soup version 0.15.2 (webtiles) character file.

147 MistressOfTheSands the Insei (level 5, -7/42 HPs)
             Began as a Mummy Monk on Nov 9, 2015.
             Killed from afar by an orc wizard (12 damage)
             ... with a magic dart
             ... on Level 3 of the Dungeon.
             The game lasted 00:03:57 (3424 turns).

MistressOfTheSands the Insei (Mummy Monk)           Turns: 3424, Time: 00:03:57

HP  -7/42        AC  2     Str 14      XL: 5   Next:  8%
MP   5/5         EV 13     Int  9      God:
Gold 163         SH  0     Dex 15      Spells:  0 memorised,  4 levels left

rFire  x . .     SeeInvis .       - Unarmed
rCold  + . .     Clarity  .     a - +0 robe
rNeg   + + +     rCorr    .     (no shield)
rPois  +         rRot     +     (no helmet)
rElec  .         Spirit   .     (no cloak)
SustAb .         Warding  .     (no gloves)
rMut   .         Stasis   .     (no boots)
Gourm  .                        (no amulet)
MR     .....                    (no ring)
                                (no ring)

@: not resistant to hostile enchantments, unstealthy
A: no food or potions, fire vulnerability, restore body, cold resistance 1,
negative energy resistance 3, poison resistance, torment resistance, unbreathing
a: no special abilities


You were on level 3 of the Dungeon.
You were not hungry.

You visited 1 branch of the dungeon, and saw 3 of its levels.

You collected 163 gold pieces.


Innate Abilities, Weirdness & Mutations

You do not eat or drink.
Your flesh is vulnerable to fire.
Your flesh is cold resistant.
You are immune to negative energy.
Your system is resistant to poisons.
You are immune to unholy pain and torment.
You can survive without breathing.


   Skills:
 + Level 3.7 Fighting
 - Level 2.4 Dodging
 - Level 1.5 Stealth
 - Level 5.0 Unarmed Combat


You had 4 spell levels left.
You didn't know any spells.

Inventory:

Missiles
 f - 16 poisoned needles
Armour
 a - a +0 robe (worn)
Scrolls
 b - 2 scrolls of remove curse {unknown}
 c - a scroll of immolation {unknown}
 d - 4 scrolls of identify {unknown}
 e - a scroll of fog {unknown}
 g - a scroll of teleportation {unknown}
 h - a scroll of enchant weapon {unknown}

Dungeon Overview and Level Annotations

Branches:
Dungeon (3/15)

Altars:
Nemelex Xobeh
The Shining One

#.# #.(((..##.###...### #.#
#..(#.....# ...
#######.###..#.#.##.# .
......................
###.######.#.###.##.##.#
###.######%#.# ####.# ..
.............# #.## #
##..#####....######.%######.
..........#(....Mo..%.......
##..#####....#######.#......
##..########(## .# ###
##......# #..# .# ##.####.#
##.# .# ##.# #.# #.# .# #.#
#.# #.# .# #.# #.# #.# .#
#.####.#####.######.#


You could see an orc wizard.


Message History

You hit the orc.
The orc is almost dead.
The orc wizard casts a spell.
The orc wizard blinks!
The orc hits you.
* * * LOW HITPOINT WARNING * * *
You closely miss the orc.
The orc is almost dead.
The orc misses you.
You hit the orc.
You kill the orc!
You swing at nothing.
The orc wizard casts a spell at you. You resist.
You swing at nothing.
You swing at nothing.
The orc wizard casts a spell at you. The magic dart hits you!
* * * LOW HITPOINT WARNING * * *
You swing at nothing.
The orc wizard gestures at you while chanting.
The magic dart hits you!
* * * LOW HITPOINT WARNING * * *
You swing at nothing.
You hit the orc wizard but do no damage.
The orc wizard hits you but does no damage.
You barely miss the orc wizard. The orc wizard hits you with a dagger.
* * * LOW HITPOINT WARNING * * *
The orc wizard casts a spell at you. The magic dart hits you!
You die...

Action                   |  1- 3 |  4- 6 || total
-------------------------+-------+-------++-------
Melee: Unarmed           |   230 |   201 ||   431
 Stab: Sleeping          |     2 |       ||     2

Vault maps used:
D:1:      saegor_arrival_simple_e, minmay_gold_behind_plants
D:2:      old_standard_altar, tso_metal_star, serial_bayou, serial_bayou_lake_a,
          serial_bayou_pond_d, serial_bayou_lagoon_b, serial_bayou_shore_a
D:3:      old_standard_altar

Notes
Turn   | Place    | Note
--------------------------------------------------------------
     0 | D:1      | MistressOfTheSands, the Mummy Monk, began the quest for the Orb.
     0 | D:1      | Reached XP level 1. HP: 18/18 MP: 1/1
   234 | D:1      | Reached XP level 2. HP: 18/24 MP: 2/2
   667 | D:1      | Reached skill level 4 in Unarmed Combat
   667 | D:1      | Reached XP level 3. HP: 4/29 MP: 3/3
  1203 | D:2      | Found a sparkling altar of Nemelex Xobeh.
  1425 | D:2      | HP: 2/29 [goblin/dagger (1)]
  1426 | D:2      | Reached XP level 4. HP: 2/35 MP: 4/4
  2189 | D:2      | Found a glowing golden altar of the Shining One.
  2421 | D:2      | Reached skill level 5 in Unarmed Combat
  3041 | D:3      | Reached XP level 5. HP: 25/41 MP: 5/5
  3424 | D:3      | Killed from afar by an orc wizard

Vanquished Creatures
  5 adders
  A giant mite (D:2)
  4 worms (D:2)
  6 orcs (D:3)
  12 bats
  7 hobgoblins
  8 jackals
  A quokka (D:3)
  A ball python (D:3)
  2 giant cockroaches (D:2)
  2 giant newts
  6 goblins
  A goblin skeleton (D:3)
  7 kobolds
  4 rats
  A plant (D:1)
68 creatures vanquished.
